 Dungeon Crawl Stone Soup version 0.29.1-1-gd02db6906a (webtiles) character file.

Game seed: 15900954583974853366

36 croobank the Caller (level 3, -4/15 HPs)
             Began as a Felid Summoner on Sept 29, 2022.
             Killed by divine providence
             ... invoked by an orc priest
              (15 damage)
             ... on level 2 of the Dungeon.
             The game lasted 00:08:17 (2196 turns).

croobank the Caller (Felid Summoner)                Turns: 2196, Time: 00:08:18

Health: -4/15      AC:  1    Str:  4    XL:     3   Next: 19%
Magic:  8/8        EV: 18    Int: 18    God:
Gold:   89         SH:  0    Dex: 16    Spells: 1/7 levels left
                                        Lives:  0   Deaths: 1

rFire   . . .      SeeInvis +   (weapon unavailable)
rCold   . . .      Faith    .   (shield unavailable)
rNeg    . . .      Spirit   .   (body armour unavailable)
rPois   .          Reflect  .   (helmet unavailable)
rElec   .          Harm     .   (cloak unavailable)
rCorr   .          Rampage  .   (gloves unavailable)
Will    .....                   (boots unavailable)
Stlth   ++........              (no amulet)
HPRegen 0.05/turn               (no ring)
MPRegen 0.11/turn               (no ring)

@: quick
A: very small, claws 1, fangs 3, see invisible, speed 1, shaggy fur 1, stealthy
paws, no weapons or thrown items, no armour, multi-lived
a: no special abilities


You were on level 2 of the Dungeon.
You visited 1 branch of the dungeon, and saw 2 of its levels.

You collected 89 gold pieces.

Inventory:

Scrolls
 b - a scroll of butterflies {unknown}
 c - a scroll of amnesia {unknown}
 e - 2 scrolls of teleportation {unknown}
 g - a scroll of identify {unknown}
 h - a scroll of fear {unknown}


   Skills:
 + Level 1.4 Fighting
 + Level 3.7 Dodging
 - Level 3.0 Stealth
 + Level 2.6 Spellcasting
 + Level 4.4 Summonings


You had one spell level left.
You knew the following spells:

 Your Spells              Type           Power      Damage    Failure   Level
a - Summon Small Mammal   Summ           72%        N/A       2%          1
b - Call Imp              Summ           18%        N/A       4%          2
c - Call Canine Familiar  Summ           18%        N/A       9%          3

Your spell library contained the following spells:

 Spells                   Type           Power      Damage    Failure   Level
 Summon Guardian Golem    Hex/Summ       10%        N/A       21%         3
 Summon Lightning Spire   Summ/Air       10%        N/A       56%         4


Dungeon Overview and Level Annotations

Branches:
Dungeon (2/15)

Altars:


Innate Abilities, Weirdness & Mutations

You have sharp claws.
You have razor-sharp teeth.
You have supernaturally acute eyesight. (SInv)
You cover ground quickly. (Speed+)
You are covered in fur. (AC +1)
Your paws help you pounce on unaware monsters.
You are incapable of wielding weapons or throwing items.
You cannot wear armour.
You gain extra lives every three experience levels.


Message History

Your crimson imp blinks!
The hobgoblin closely misses your hound.
The hobgoblin barely misses your hound.
Your crimson imp closely misses the hobgoblin.
The hobgoblin hits your hound but does no damage.
Your hound barely misses the hobgoblin.
Your crimson imp hits the hobgoblin.
Your hound barely misses the hobgoblin.
The hobgoblin barely misses your hound.
Your hound bites the hobgoblin.
The hobgoblin dies!
An orc priest is nearby!
You swap places.
What are your orders? t - Meow!
Orders for allies: a - Attack new target. r - Retreat! s - Stop attacking. g - Guard the area. f - Follow me.
Anything else - Cancel.
Gang up on whom?
Press: ? - help, Dir - move target, f - orc priest
Aim: an orc priest, wielding a +0 short sword and wearing a +0 leather armour Attack!
Your hound completely misses the orc priest.
The orc priest barely misses your crimson imp.
Your hound bites the orc priest but does no damage.
Your crimson imp barely misses the orc priest.
What are your orders? t - Meow!
Orders for allies: a - Attack new target. p - Attack previous target. r - Retreat! s - Stop attacking. g - Guard the area. f - Follow me.
Anything else - Cancel.
Gang up on whom?
Press: ? - help, Dir - move target, f/p - orc priest
Aim: an orc priest, wielding a +0 short sword and wearing a +0 leather armour (ally target) Attack!
Your hound bites the orc priest but does no damage.
The orc priest mumbles some strange prayers to Beogh against you.
Beogh smites you!
Ouch! That really hurt!
You die...

#.# #.# #.# #.#######
#.##>...#######
##.##...........
#####..##.##...#######
#....@5##.##.#...###.#
#....##ho#.##.###....†#
#...##...'.##...####...
#... #...####.#...###÷#
#..#(....# #.###..##.#
#..##....# #.# ##.##.#
#.##..#### #.# #.##..
.....# #+# #.##.# ####
#.##.#


You could see an orc priest (ally target), a friendly hound (summoned) and a
friendly crimson imp (summoned).

Vanquished Creatures
  An adder (D:2)
  A hobgoblin (D:1)
  3 bats (D:1)
5 creatures vanquished.

Vanquished Creatures (collateral kills)
  An orc priest (D:2)
  A worm (D:2)
  A dart slug (D:2)
  2 orcs (D:2)
  2 ball pythons
  4 bats
  3 endoplasms (D:1)
  2 hobgoblins
  A frilled lizard (D:1)
  6 goblins (D:1)
  5 kobolds (D:1)
  4 rats (D:1)
32 creatures vanquished.

Grand Total: 37 creatures vanquished

Notes
Turn   | Place    | Note
-------+----------+-------------------------------------------
     0 | D:1      | croobank the Felid Summoner began the quest for the Orb.
     0 | D:1      | Reached XP level 1. HP: 7/7 MP: 4/4
   258 | D:1      | Reached XP level 2. HP: 2/11 MP: 3/6
   538 | D:1      | Learned a level 2 spell: Call Imp
  1282 | D:1      | Reached XP level 3. HP: 15/15 MP: 1/7
  1286 | D:1      | Learned a level 3 spell: Call Canine Familiar
  1352 | D:1      | Found a faded altar of an unknown god.
  1703 | D:2      | Reached skill level 1 in Fighting
  2113 | D:2      | Reached XP level 4. HP: 19/19 MP: 2/8
  2136 | D:2      | Killed from afar by an orc priest
  2137 | D:2      | Reached XP level 3. HP: -5/15 MP: 5/8
  2196 | D:2      | Killed from afar by an orc priest

Illustrated notes

Levels and vault maps discovered:
D:1:      minmay_arrival_up_and_down, layout_rooms,
          chequers_ecumenical_altar_lobes, minmay_misc_feat_cross
D:2:      cheibrodos_pilgrimage, layout_basic, minmay_pentomino_r2

Skill      XL: |  1  2  3 |
---------------+----------+-----
Dodging        | 3 |  3.7
Stealth        | 3 |  3.0
Fighting       | 1 |  1.4
Spellcasting   | |  2.6
Summonings     | |  4.4

Action                   |  1- 3 |  4- 6 || total
-------------------------+-------+-------++-------
Melee: Unarmed           |    13 |       ||    13
       Bite              |     1 |       ||     1
 Cast: Summon Small Mamm |    44 |     1 ||    45
       Call Imp          |     9 |     2 ||    11
       Call Canine Famil |     4 |     1 ||     5
  Use: Potion            |       |     3 ||     3
Armor: Skin              |     3 |       ||     3
Dodge: Dodged            |    17 |       ||    17
